 Dungeon Crawl Stone Soup version 0.31-a0-1237-gabc64e778c (webtiles) character file.

Game seed: 8579575495483437937

235 night the Ruffian (level 5, -3/53 HPs)
             Began as a Troll Fighter on Dec 15, 2023.
             Was an Initiate of Nemelex Xobeh.
             Slain by a fire elemental (13 damage)
             ... created by the fiery vengeance of Ignis
             ... on level 4 of the Dungeon.
             The game lasted 00:04:11 (2537 turns).

night the Ruffian (Troll Fighter)                   Turns: 2537, Time: 00:04:12

Health: -3/53      AC:  4    Str: 26    XL:     5   Next: 76%
Magic:  4/4        EV: 10    Int:  4    God:    Nemelex Xobeh [......]
Gold:   128        SH: 15    Dex: 21    Spells: 4/4 levels left

rFire   . .          .
                       - Unarmed
rCold   . . .        b - +0 kite shield
rNeg    . . .        a - +0 robe
rPois   .            (helmet restricted)
rElec   .            (no cloak)
rCorr   .            (gloves unavailable)
SInv    .            (boots unavailable)
Will    .....        o - amulet of reflection
Stlth   ++           l - +6 ring of dexterity
HPRegen 1.08/turn    r - +6 ring of dexterity
MPRegen 0.09/turn

%: reflection
@: slowed, fire susceptible, very slow
A: large, unfitting armour, claws 3, regeneration 1, shaggy fur 1, tough skin 1
a: Renounce Religion, Draw Escape, Draw Destruction, Draw Summoning


You were on level 4 of the Dungeon.
You worshipped Nemelex Xobeh.
Nemelex Xobeh was noncommittal.
You visited 1 branch of the dungeon, and saw 4 of its levels.

You collected 128 gold pieces.

Inventory:

Missiles
 e - 31 stones
 f - 7 poisoned darts
Armour
 a - a +0 robe (worn)
 b - a +0 kite shield (worn)
Jewellery
 l - a +6 ring of dexterity (left claw)
 o - an amulet of reflection (around neck)
 r - a +6 ring of dexterity (right claw)
Scrolls
 d - 2 scrolls of blinking {unknown}
 h - 2 scrolls of amnesia {unknown}
 j - a scroll of identify {unknown}
 k - a scroll of vulnerability {unknown}
 m - a scroll of butterflies {unknown}
 n - a scroll of brand weapon {unknown}
Potions
 c - a potion of might
 g - a potion of curing {unknown}
 i - a potion of attraction {unknown}
 p - a potion of haste {unknown}
 q - a potion of enlightenment {unknown}
 s - a potion of mutation {unknown}
 t - a potion of heal wounds {unknown}


   Skills:
 + Level 3.3 Fighting
 + Level 3.2 Dodging
 + Level 3.6 Shields
 * Level 3.9 Unarmed Combat


You had 4 spell levels left.
You didn't know any spells.
Your spell library contained the following spells:

 Spells                   Type           Power      Damage    Failure   Level
 Blink                    Tloc           0%         N/A       87%         2
 Lesser Beckoning         Tloc           0%         N/A       87%         2
 Momentum Strike          Conj/Tloc      0%         3d8       87%         2


Dungeon Overview and Level Annotations

Branches:
Dungeon (4/15)
 Temple: D:4-7

Altars:
Ashenzari
Nemelex Xobeh
Ignis

Shops:
D:1 !*(*   D:3 [


Innate Abilities, Weirdness & Mutations

You are too large for most types of armour.
You have claws for hands.
Your natural rate of healing is unusually fast.
You are covered in fur. (AC +1)
You have tough skin. (AC +1)


Message History

Found four items.
There is a stone staircase leading up here.
You closely miss the quokka. The quokka bites you.
You claw the quokka!
You kill the quokka!
No target in view!
No target in view!
No target in view!
No target in view!
No target in view!
HP restored.
You now have 120 gold pieces (gained 4).
You see here a +0 leather armour.
You now have 128 gold pieces (gained 8). "Burn!
Burn until nothing is left!"
The divine experience drains your vigour!
You feel yourself slow down. 2 fire elementals come into view.
You closely miss the fire elemental. You mangle the fire elemental!!
The fire elemental is heavily damaged.
The fire elemental hits you. The fire elemental burns you!
You block the fire elemental's attack.
You barely miss the fire elemental.
The fire elemental is heavily damaged.
You block the fire elemental's attack. The fire elemental barely misses you.
You scratch the fire elemental but do no damage.
The fire elemental is heavily damaged.
The fire elemental hits you. The fire elemental burns you!
The fire elemental hits you. The fire elemental burns you!
You closely miss the fire elemental.
The fire elemental is heavily damaged.
You block the fire elemental's attack. x2
You claw the fire elemental!
The fire elemental is almost destroyed.
The fire elemental hits you. The fire elemental burns you!
* * * LOW HITPOINT WARNING * * *
The fire elemental hits you. The fire elemental burns you!
You die...
Your body disappears without a glow.

....## #.# ......#
.. .......##.#
........#.#
.?........
(........#
.........# #@!# .
##E## .. #.E####
#..# ##..#..###
#...#........## #
#............# ##..
###..........##...#
#......[.......#
#............##


You could see 2 fire elementals.

Vanquished Creatures
  Jessica (D:3)
  Terence (D:2)
  Natasha (thrice) (D:2)
  5 adders
  A worm (D:2)
  4 dart slugs
  7 bats
  4 endoplasms
  3 giant cockroaches
  6 goblins
  2 hobgoblins
  2 jackals (D:3)
  2 quokkas
  6 ball pythons
  2 frilled lizards
  5 kobolds
  5 rats
59 creatures vanquished.

Notes
Turn   | Place    | Note
-------+----------+-------------------------------------------
     0 | D:1      | night the Troll Fighter began the quest for the Orb.
     0 | D:1      | Reached XP level 1. HP: 22/22 MP: 0/0
    40 | D:1      | Found Salousur's Weapon Emporium.
    93 | D:1      | Found Calucko's General Store.
   110 | D:1      | Reached XP level 2. HP: 29/29 MP: 1/1
   167 | D:1      | Found Xon Haso's Distillery.
   400 | D:1      | Found Pethraergh's Assorted Antiques.
   917 | D:2      | Reached XP level 3. HP: 36/36 MP: 2/2
  1104 | D:2      | Noticed Natasha
  1108 | D:2      | Killed Natasha
  1144 | D:2      | Noticed Natasha
  1153 | D:2      | Killed Natasha
  1154 | D:2      | Reached XP level 4. HP: 44/44 MP: 3/3
  1188 | D:2      | Noticed Terence
  1188 | D:2      | Noticed Natasha
  1202 | D:2      | Killed Natasha
  1208 | D:2      | Killed Terence
  1209 | D:2      | Reached XP level 5. HP: 12/53 MP: 4/4
  1946 | D:3      | Found a faded altar of an unknown god.
  1955 | D:3      | Prayed at the altar of an unknown god.
  1955 | D:3      | Became a worshipper of Ignis, the Dying Flame
  1965 | D:3      | Noticed Jessica
  1974 | D:3      | Killed Jessica
  2072 | D:3      | Found a broken altar of Ashenzari.
  2119 | D:3      | Found Qidut's Armour Boutique.
  2166 | D:3      | Found a sparkling altar of Nemelex Xobeh.
  2188 | D:3      | Fell from the grace of Ignis
  2188 | D:3      | Became a worshipper of Nemelex Xobeh the Trickster
  2532 | D:4      | Noticed a fire elemental
  2532 | D:4      | Noticed a fire elemental
  2537 | D:4      | Slain by a fire elemental

Illustrated notes

Levels and vault maps discovered:
D:1:      scummos_arrival_simple_crosswalls, layout_basic, serial_shops,
          nicolae_shop_crystal, shop, shop, nicolae_shop_stone
D:2:      layout_basic, uniq_natasha, uniq_terence
D:3:      layout_loops_ring, ashenzari_conservatory_becter,
          mainiacjoe_overflow_paths, serial_shops, nicolae_lakefront_shop,
          hellmonk_ecumenical_altar_crossroads, kennysheep_potato, uniq_jessica
D:4:      layout_cave_pods, mainiacjoe_ossuary_entry_dusty_tomb,
          serial_bayou_pond_e

Skill      XL: |  1  2  3  4 |
---------------+-------------+-----
Shields        | 3 |  3.6
Unarmed Combat | 3 |  3.9
Dodging        | 3 |  3.2
Fighting       | 3 |  3.3

Action                     |  1- 3 |  4- 6 || total
---------------------------+-------+-------++-------
  Melee: Unarmed           |    51 |    72 ||   123
   Stab: Sleeping          |     2 |     4 ||     6
 Armour: Robe              |    21 |    32 ||    53
  Dodge: Dodged            |     8 |    13 ||    21
  Block: Kite shield       |    14 |    31 ||    45

Table legend: (Time is in decaauts)
 A = Elapsed time spent in this place.
 B = Non-inter-level travel time spent in this place.
 C = Inter-level travel time spent in this place.
 D = Time resting spent in this place.
 E = Time spent auto-exploring this place.
 F = Levels seen in this place.
 G = Mean time per level.
                   A        B        C        D        E       F      G
               +--------+--------+--------+--------+--------+-----+--------+
         Total |   2543 |   2406 |    137 |     38 |   1988 |   4 |  635.8 |
       Dungeon |   2543 |   2406 |    137 |     38 |   1988 |   4 |  635.8 |
               +--------+--------+--------+--------+--------+-----+--------+

Top non-repeatable levels by time:
     D:2: 1104 daAuts
     D:1: 704 daAuts
     D:3: 700 daAuts
     D:4: 33 daAuts
